 Dungeon Crawl Stone Soup version 0.29-a0-541-gaf1fc19f1b (webtiles) character file.

Game seed: 16411794216578581021

1265 bande the Shield-Bearer (level 8, -2/58 HPs)
             Began as a Gnoll Wanderer on June 2, 2022.
             Slain by a killer bee (3 damage)
             ... on level 5 of the Dungeon.
             The game lasted 00:10:42 (6170 turns).

bande the Shield-Bearer (Gnoll Wanderer)            Turns: 6170, Time: 00:10:44

Health: -2/58      AC: 27    Str: 13    XL:     8   Next: 52%
Magic:  17/17      EV:  8    Int: 12    God:
Gold:   268        SH:  7    Dex: 12    Spells: 18/19 levels left

rFire   . . .      SeeInvis .   p - +0 mace (protect)
rCold   . . .      Faith    .   e - +2 buckler
rNeg    . . .      Spirit   .   g - +0 plate armour
rPois   .          Reflect  .   j - +1 helmet
rElec   .          Harm     .   b - +0 cloak
rCorr   .          Rampage  .   (no gloves)
Will    .....                   i - +0 pair of boots
Stlth   ..........              (no amulet)
HPRegen 0.19/turn               f - +4 ring of protection
MPRegen 0.15/turn               o - +4 ring of evasion

@: mighty, under a protective aura
A: fangs 1, strong nose, distributed training
a: no special abilities


You were on level 5 of the Dungeon.
You visited 1 branch of the dungeon, and saw 5 of its levels.
You also visited: Sewer.

You collected 268 gold pieces.

Inventory:

Hand Weapons
 a - a +1 dagger of venom
 p - a +0 mace of protection (weapon)
 y - a +0 war axe
Armour
 b - a +0 cloak (worn)
 e - a +2 buckler (worn)
 g - a +0 plate armour (worn)
 i - a +0 pair of boots (worn)
 j - a +1 helmet (worn)
Magical Staves
 B - a staff of poison
Jewellery
 f - a +4 ring of protection (left hand)
 l - a +6 ring of dexterity
 o - a +4 ring of evasion (right hand)
 q - a ring of poison resistance
Scrolls
 c - a scroll of fog
 k - 4 scrolls of fear
 v - 2 scrolls of teleportation
Potions
 d - a potion of flight {unknown}
 h - a potion of ambrosia
 m - a potion of resistance {unknown}
 n - a potion of lignification {unknown}
 r - a potion of magic {unknown}
 s - a potion of haste {unknown}
 t - a potion of might
 u - a potion of curing
 w - a potion of mutation {unknown}
 z - a potion of brilliance {unknown}
 A - 2 potions of heal wounds {unknown}


   Skills:
 + Level 3.3 Fighting
 + Level 3.3 Short Blades
 + Level 3.3 Long Blades
 + Level 3.3 Axes
 + Level 3.3 Maces & Flails
 + Level 3.3 Polearms
 + Level 3.3 Staves
 + Level 3.3 Slings
 + Level 3.3 Bows
 + Level 3.3 Crossbows
 + Level 3.3 Throwing
 + Level 4.3 Armour
 + Level 3.3 Dodging
 + Level 5.4 Stealth
 + Level 7.4 Shields
 + Level 3.3 Unarmed Combat
 + Level 6.1 Spellcasting
 + Level 2.7 Conjurations
 + Level 2.7 Hexes
 + Level 2.7 Summonings
 + Level 3.5 Necromancy
 + Level 2.7 Translocations
 + Level 2.7 Transmutations
 + Level 2.7 Fire Magic
 + Level 2.7 Ice Magic
 + Level 2.7 Air Magic
 + Level 2.7 Earth Magic
 + Level 2.7 Poison Magic
 + Level 4.5 Invocations
 + Level 3.3 Evocations


You had 18 spell levels left.
You knew the following spells:

 Your Spells              Type           Power      Damage    Failure   Level
a - Necrotize             Necr           48%        1d6       99%         1

Your spell library contained the following spells:

 Spells                   Type           Power      Damage    Failure   Level
 Sublimation of Blood     Necr           12%        N/A       100%        2
 Wereblood                Tmut           10%        N/A       100%        2
 Gell's Gravitas          Tloc           10%        N/A       100%        3
 Lesser Beckoning         Tloc           10%        N/A       100%        3
 Teleport Other           Tloc           10%        N/A       100%        3
 Vampiric Draining        Necr           12%        2d6       100%        3
 Summon Hydra             Summ           5%         N/A       100%        7


Dungeon Overview and Level Annotations

Branches:
Dungeon (5/15)              Sewer (visited)
 Temple: D:4-7

Altars:
Wu Jian

Shops:
D:1 [


Innate Abilities, Weirdness & Mutations

You have very sharp teeth.
Your uncanny sense of smell can sniff out nearby items.
Your experience applies equally to all skills.


Message History

The killer bee stings you but does no damage.
You sock the killer bee!
The killer bee is almost dead.
The killer bee stings you but does no damage. x2
You block the killer bee's attack.
The killer bee stings you but does no damage. x2
The killer bee stings you.
* * * LOW HITPOINT WARNING * * *
You are poisoned.
The killer bee poisons you!
You miss the killer bee. Your bite misses the killer bee.
The killer bee is almost dead.
* * * LOW HITPOINT WARNING * * *
You feel very sick.
The killer bee stings you but does no damage. x2
The killer bee closely misses you. The killer bee completely misses you.
You sock the killer bee!
You kill the killer bee!
You feel sick.
The killer bee stings you but does no damage. x3
You miss the killer bee.
You feel sick. The killer bee barely misses you.
You block the killer bee's attack.
You closely miss the killer bee.
You feel sick.
The killer bee stings you but does no damage.
The killer bee stings you.
* * * LOW HITPOINT WARNING * * *
You block the killer bee's attack.
You closely miss the killer bee. Your bite misses the killer bee.
* * * LOW HITPOINT WARNING * * *
You feel sick.
The killer bee stings you but does no damage.
The killer bee closely misses you.
You hit the killer bee.
Your weapon exudes an aura of protection.
The killer bee is heavily wounded.
* * * LOW HITPOINT WARNING * * *
You feel sick.
You are no longer poisoned.
The killer bee stings you.
You die...

.#..# #. #.# .#..###.##.## ###
.#.......... ..# ....###.##.# #.#
........##.### #.# .##...##.....#
#.# .####.##.###.# #.# .........#
#.# #.# .####.##.###.###@######
###............y..[...###########
#<....##>.####.................
###..........# ######.###########
.........##..# #.# #
###.....#>#..# #.# # ####.###...#
#.### # ##.## #.. #...# # ####.##
##. ###[# #


You could see a killer bee.

Vanquished Creatures
  A black bear (D:4)
  4 kobold brigands (Sewer)
  4 scorpions
  2 killer bees (D:5)
  A howler monkey (D:4)
  2 hounds (D:5)
  A jelly (D:5)
  An orc priest (D:3)
  Crazy Yiuf (D:4)
  4 iguanas
  An orc wizard (D:3)
  Natasha (thrice) (D:3)
  6 adders
  2 river rats (Sewer)
  3 worms
  3 dart slugs
  7 orcs (D:3)
  12 ball pythons
  6 endoplasms
  3 giant cockroaches
  7 goblins
  7 hobgoblins
  8 jackals
  9 kobolds
  4 quokkas
  3 bats
  3 frilled lizards
  12 rats
120 creatures vanquished.

Vanquished Creatures (others)
  7 plants (Sewer)
7 creatures vanquished.

Grand Total: 127 creatures vanquished

Notes
Turn   | Place    | Note
-------+----------+-------------------------------------------
     0 | D:1      | bande the Gnoll Wanderer began the quest for the Orb.
     0 | D:1      | bande set off with the following items: a +0 dagger, a +0
                  | cloak, a scroll of fog, a +0 robe, a +2 buckler; and the
                  | following spell memorised: Necrotize; and the following
                  | spells available to memorise: Vampiric Draining
     0 | D:1      | Reached XP level 1. HP: 13/13 MP: 6/6
    27 | D:1      | Found Idiod's Antique Armour Shop.
   283 | D:1      | Reached XP level 2. HP: 18/19 MP: 7/7
   962 | D:1      | Found a faded altar of an unknown god.
  1299 | D:2      | Found an ornate altar of the Wu Jian Council.
  1418 | D:2      | Reached XP level 3. HP: 24/25 MP: 9/9
  1424 | D:2      | Reached skill level 5 in Spellcasting
  2212 | D:3      | Reached skill level 1 in Fighting
  2212 | D:3      | Reached skill level 1 in Short Blades
  2212 | D:3      | Reached skill level 1 in Long Blades
  2212 | D:3      | Reached skill level 1 in Axes
  2212 | D:3      | Reached skill level 1 in Maces & Flails
  2212 | D:3      | Reached skill level 1 in Polearms
  2212 | D:3      | Reached skill level 1 in Staves
  2212 | D:3      | Reached skill level 1 in Slings
  2212 | D:3      | Reached skill level 1 in Bows
  2212 | D:3      | Reached skill level 1 in Crossbows
  2212 | D:3      | Reached skill level 1 in Throwing
  2212 | D:3      | Reached skill level 1 in Dodging
  2212 | D:3      | Reached skill level 1 in Unarmed Combat
  2212 | D:3      | Reached skill level 1 in Evocations
  2264 | D:3      | Noticed a scorpion
  2266 | D:3      | You fall into a shaft and drop 2 floors!
  2266 | D:5      | Entered Level 5 of the Dungeon
  2279 | D:5      | Noticed a scorpion
  2290 | D:5      | Killed a scorpion
  2291 | D:5      | Reached skill level 1 in Conjurations
  2291 | D:5      | Reached skill level 1 in Hexes
  2291 | D:5      | Reached skill level 1 in Summonings
  2291 | D:5      | Reached skill level 1 in Translocations
  2291 | D:5      | Reached skill level 1 in Transmutations
  2291 | D:5      | Reached skill level 1 in Fire Magic
  2291 | D:5      | Reached skill level 1 in Ice Magic
  2291 | D:5      | Reached skill level 1 in Air Magic
  2291 | D:5      | Reached skill level 1 in Earth Magic
  2291 | D:5      | Reached skill level 1 in Poison Magic
  2291 | D:5      | Reached XP level 4. HP: 32/32 MP: 11/11
  2330 | D:3      | Noticed Natasha
  2338 | D:3      | Killed Natasha
  2339 | D:3      | Reached XP level 5. HP: 33/37 MP: 12/12
  2616 | D:3      | Found a glowing drain.
  2627 | Sewer    | Entered a sewer
  2662 | Sewer    | Noticed a kobold brigand
  2706 | Sewer    | Killed a kobold brigand
  2707 | Sewer    | Reached XP level 6. HP: 38/44 MP: 13/13
  2889 | Sewer    | Reached XP level 7. HP: 11/50 MP: 15/15
  3420 | Sewer    | Reached skill level 7 in Shields
  4123 | D:3      | Noticed Natasha
  4134 | D:3      | Killed Natasha
  4243 | D:3      | Noticed Natasha
  4250 | D:3      | Killed Natasha
  4251 | D:3      | Reached skill level 5 in Stealth
  4626 | D:4      | Reached XP level 8. HP: 53/57 MP: 16/16
  5150 | D:4      | Found a runed translucent door.
  5151 | D:4      | Noticed Crazy Yiuf
  5313 | D:4      | Killed Crazy Yiuf
  6157 | D:5      | HP: 2/58 [killer bee (2)]
  6169 | D:5      | HP: 1/58 [poisoned by a killer bee]
  6170 | D:5      | Slain by a killer bee

Illustrated notes

Levels and vault maps discovered:
D:1:      dpeg_arrival_simpleton_a, layout_basic,
          shapermc_ecumenical_altar_mp_vishouse, serial_shops, shop,
          roderic_lattice_a, nicolae_concentric_dashed_squares_mild,
          serial_bayou_crossing
D:2:      layout_basic, basic_altar
D:3:      layout_basic, gup_sewer_entry_bubbles, uniq_natasha
D:4:      layout_loops_ring, uniq_crazy_yiuf_cottage
D:5:      lemuel_insect_pit, layout_loops_ring, lemuel_crystal_altar

Skill      XL: |  1  2  3  4  5  6  7  8 |
---------------+-------------------------+-----
Necromancy     | 2 3 |  3.5
Spellcasting   | 5 6 |  6.1
Fighting       | 1 2 3 |  3.3
Short Blades   | 1 2 3 |  3.3
Long Blades    | 1 2 3 |  3.3
Axes           | 1 2 3 |  3.3
Maces & Flails | 1 2 3 |  3.3
Polearms       | 1 2 3 |  3.3
Staves         | 1 2 3 |  3.3
Slings         | 1 2 3 |  3.3
Bows           | 1 2 3 |  3.3
Crossbows      | 1 2 3 |  3.3
Throwing       | 1 2 3 |  3.3
Dodging        | 1 2 3 |  3.3
Unarmed Combat | 1 2 3 |  3.3
Evocations     | 1 2 3 |  3.3
Conjurations   | 1 2 |  2.7
Hexes          | 1 2 |  2.7
Summonings     | 1 2 |  2.7
Translocations | 1 2 |  2.7
Transmutations | 1 2 |  2.7
Fire Magic     | 1 2 |  2.7
Ice Magic      | 1 2 |  2.7
Air Magic      | 1 2 |  2.7
Earth Magic    | 1 2 |  2.7
Poison Magic   | 1 2 |  2.7
Invocations    | 3 4 |  4.5
Armour         | 3 4 |  4.3
Shields        | 7 |  7.4
Stealth        | 5 |  5.4

Action                   |  1- 3 |  4- 6 |  7- 9 || total
-------------------------+-------+-------+-------++-------
Melee: Dagger            |   137 |   144 |   205 ||   486
       Bite              |    17 |    14 |    29 ||    60
       Mace              |       |       |   106 ||   106
 Cast: Necrotize         |     6 |       |       ||     6
  Use: Scroll            |     6 |     1 |     5 ||    12
       Potion            |       |       |     3 ||     3
 Stab: Sleeping          |     8 |       |       ||     8
Armor: Robe              |    12 |       |       ||    12
       Plate armour      |    43 |    57 |   223 ||   323
Dodge: Dodged            |    42 |    34 |   114 ||   190
Block: Buckler           |    44 |    36 |   145 ||   225

Table legend: (Time is in decaauts)
 A = Elapsed time spent in this place.
 B = Non-inter-level travel time spent in this place.
 C = Inter-level travel time spent in this place.
 D = Time resting spent in this place.
 E = Time spent auto-exploring this place.
 F = Levels seen in this place.
 G = Mean time per level.
                   A        B        C        D        E       F      G
               +--------+--------+--------+--------+--------+-----+--------+
         Total |   6373 |   6135 |    238 |    248 |   4591 |   6 | 1062.2 |
       Dungeon |   5226 |   4988 |    238 |    123 |   3856 |   5 | 1045.2 |
         Sewer |   1146 |   1146 |      0 |    125 |    735 |   1 | 1146.0 |
               +--------+--------+--------+--------+--------+-----+--------+

Top non-repeatable levels by time:
     D:1: 1252 daAuts
     D:4: 1221 daAuts
   Sewer: 1146 daAuts
     D:3: 1095 daAuts
     D:2: 953 daAuts
     D:5: 703 daAuts
